 Dungeon Crawl Stone Soup version 0.18-a0-867-gfd1cc8f (webtiles) character file.

887 Gorice the Shooter (level 8, -5/54 HPs)
             Began as an Octopode Wanderer on Dec 21, 2015.
             Was a Believer of Pakellas.
             Slain by a centaur (9 damage)
             ... on level 7 of the Dungeon.
             The game lasted 00:18:36 (5151 turns).

Gorice the Shooter (Octopode Wanderer)              Turns: 5151, Time: 00:18:36

Health: -5/54      AC:  1    Str: 12    XL:     8   Next: 5%
Magic:  8/8        EV: 13    Int: 14    God:    Pakellas [**....]
Gold:   222        SH:  0    Dex: 13    Spells: 0 memorised, 7 levels left

rFire  . . .     SeeInvis .     a - +2 short sword (vamp)
rCold  . . .     Gourm    +     (no shield)
rNeg   . . .     Faith    .     (helmet restricted)
rPois  .         Spirit   .     g - amulet of the gourmand
rElec  .         Dismiss  .     (no ring)
rCorr  .         Reflect  .     (no ring)
SustAt .         Harm     .     (no ring)
MR     .....                    (no ring)
Stlth  ++++......               (no ring)
                                (no ring)
                                (no ring)
                                (no ring)

@: not resistant to hostile enchantments, stealthy
A: almost no armour, amphibious, 8 rings, constrict 8, camouflage 1, gelatinous
body 1
a: Quick Charge, Renounce Religion


You were on level 7 of the Dungeon.
You worshipped Pakellas.
Pakellas was pleased with you.
You were completely stuffed.

You visited 1 branch of the dungeon, and saw 6 of its levels.

You collected 222 gold pieces.

Inventory:

Hand Weapons
 a - a +2 vampiric short sword (weapon)
   (You took it off a kobold on level 1 of the Dungeon)
 b - a +3 shortbow
 c - a +0 mace
 h - a +0 short sword
Missiles
 d - 9 arrows
 v - 25 arrows of frost
 B - 16 poisoned needles
 Z - 106 stones (quivered)
Jewellery
 g - an amulet of the gourmand (around mantle)
 q - an uncursed amulet of rage
Wands
 y - a wand of fireball (7/15)
Scrolls
 l - 3 scrolls of remove curse
 r - a scroll of enchant armour
 w - 2 scrolls of magic mapping {!r}
 z - a scroll of teleportation {!r}
 A - a scroll of enchant weapon
 C - a scroll of holy word {unknown}
Potions
 e - a potion of heal wounds {!q}
 i - a potion of mutation {unknown}
 j - 2 potions of lignification {!q}
 m - a potion of invisibility {unknown}
 n - a potion of cure mutation {unknown}
 o - a potion of ambrosia {!q}
 p - 2 potions of flight
 s - a potion of poison {unknown}
 u - 2 potions of resistance {!q}
 x - a potion of agility {unknown}
Books
 k - a book of Ice
Comestibles
 f - 7 bread rations {!e}
 t - a meat ration {!e}
 D - a chunk of flesh


   Skills:
 + Level 4.7 Fighting
 * Level 4.2 Short Blades
 - Level 5.2 Bows
 - Level 1.0 Throwing
 + Level 4.0 Dodging
 - Level 4.3 Stealth


You had 7 spell levels left.
You didn't know any spells.

Dungeon Overview and Level Annotations

Branches:
Dungeon (5/15)
 Temple: D:4-7

Altars:
Elyvilon
Fedhas
Pakellas
Ru
Xom
Yredelemnul


Innate Abilities, Weirdness & Mutations

You cannot wear most types of armour.
You are amphibious.
You can wear up to eight rings at the same time.
You can use your tentacles to constrict eight enemies at once.
Your skin changes colour to match your surroundings (Stealth).
Your rubbery body absorbs attacks (AC +1).


Message History

The hound moves out of view.
Found a stone staircase leading down.
You puncture the hobgoblin zombie!
You destroy the hobgoblin zombie!
Pakellas accepts your kill.
You puncture the orc zombie! You grab the orc zombie.
You constrict the orc zombie. The orc zombie closely misses you.
You hit the orc zombie.
You destroy the orc zombie!
Pakellas accepts your kill.
You start resting.
The hound barks!
The hound bites you.
Damage: 4 (max 4)
You hit the hound but do no damage. Your grab misses the hound.
You closely miss the hound. You grab the hound. You squeeze the hound.
The hound is moderately wounded.
You constrict the hound. The hound misses you. The hound barely misses you.
You hit the hound.
The hound is severely wounded.
You constrict the hound. The hound misses you.
You hit the hound but do no damage.
The hound is almost dead.
You constrict the hound.
You kill the hound!
Pakellas accepts your kill.
You see here a hound corpse.
You butcher the hound corpse.
D - a chunk of flesh You see here a hound skeleton.
You now have 222 gold pieces (gained 18).
You see here a hound skeleton.
A centaur comes into view.
The centaur shouts!
The centaur wields a shortbow.
The centaur shoots an arrow of dispersal.
The arrow of dispersal hits you!
You blink.
Damage: 11 (max 11)
The centaur shoots an arrow of dispersal.
The arrow of dispersal hits you!
You blink.
Damage: 15 (max 15)
The centaur shoots an arrow of dispersal.
The arrow of dispersal hits you!
* * * LOW HITPOINT WARNING * * *
You blink.
Damage: 16 (max 16)
You hit the centaur but do no damage.
The centaur unwields an uncursed shortbow.
The centaur hits you!
You die...

........#.######
................
...####...######
#.#...# #.#.#.#
#.#÷#.## #.##.#.#..###
#...........#
#.##.#.#@...# #.
#####.#.##c..# .
#.##............# ..
.........#c##...# .Z.
...........##...#
.Z...###.#.#.####...#
.....###.#(.c†..#...##
...........#.##.#.#..#
..................#..#


You could see a centaur.

Vanquished Creatures
  An ice beast (D:7)
  A sky beast (D:4)
  2 ogres (D:4)
  A scorpion (D:4)
  A water moccasin skeleton (D:5)
  A centaur zombie (D:5)
  An orc priest (D:4)
  2 centaur skeletons (D:4)
  An orc wizard (D:4)
  5 worker ants
  A hound (D:7)
  A shadow imp (D:7)
  An adder (D:2)
  An ooze (D:1)
  An adder skeleton (D:4)
  3 worms
  A giant gecko (D:4)
  7 orcs (D:4)
  8 bats
  4 giant cockroaches
  5 goblins
  7 hobgoblins
  13 jackals
  A quokka (D:4)
  A ball python (D:3)
  A giant gecko skeleton (D:4)
  7 giant newts
  A hobgoblin zombie (D:7)
  A jackal skeleton (D:5)
  A jackal zombie (D:5)
  8 kobolds
  A kobold zombie (D:7)
  An orc zombie (D:7)
  6 rats
98 creatures vanquished.

Notes
Turn   | Place    | Note
--------------------------------------------------------------
     0 | D:1      | Gorice the Octopode Wanderer began the quest for the Orb.
     0 | D:1      | Gorice set off with: a +2 shortbow, 21 arrows, a +0 mace, a +0 short sword, a bread ration {!e}
     0 | D:1      | Reached XP level 1. HP: 14/14 MP: 1/1
   148 | D:1      | Reached XP level 2. HP: 14/19 MP: 2/2
   158 | D:1      | HP: 5/19 [kobold (3)]
   159 | D:1      | Reached skill level 2 in Stealth
   372 | D:1      | Reached XP level 3. HP: 21/25 MP: 3/3
  1259 | D:2      | Found an oddly glowing altar of Pakellas.
  1263 | D:2      | Became a worshipper of Pakellas the Inventive
  1366 | D:2      | Reached skill level 3 in Bows
  1366 | D:2      | Reached XP level 4. HP: 30/30 MP: 4/4
  1427 | D:2      | Reached skill level 3 in Stealth
  1871 | D:3      | Found a shimmering altar of Xom.
  1875 | D:3      | Reached * piety under Pakellas
  1886 | D:3      | Found a blossoming altar of Fedhas.
  1912 | D:3      | Found a white marble altar of Elyvilon.
  2179 | D:3      | Found a sacrificial altar of Ru.
  2598 | D:4      | Reached skill level 3 in Fighting
  2598 | D:4      | Reached skill level 2 in Dodging
  2598 | D:4      | Reached XP level 5. HP: 22/36 MP: 5/5
  2991 | D:4      | Noticed an ogre
  2998 | D:4      | Killed an ogre
  2998 | D:4      | Reached skill level 4 in Bows
  2998 | D:4      | Reached skill level 4 in Stealth
  2998 | D:4      | Reached XP level 6. HP: 42/42 MP: 6/6
  3038 | D:4      | HP: 11/42 [orc/trident (7)]
  3048 | D:4      | HP: 1/42 [orc/trident (7)]
  3469 | D:4      | HP: 8/43 [ogre/giant spiked club (21)]
  3470 | D:4      | Reached skill level 3 in Dodging
  3470 | D:4      | Reached XP level 7. HP: 9/47 MP: 7/7
  3907 | D:4      | Reached skill level 4 in Fighting
  4069 | D:4      | HP: 11/48 [sky beast (5)]
  4074 | D:4      | HP: 9/48 [something (3)]
  4074 | D:4      | HP: 3/48 [something (6)]
  4079 | D:4      | HP: 14/48 [something (1)]
  4082 | D:4      | Reached skill level 5 in Bows
  4392 | D:5      | Entered Level 5 of the Dungeon
  4393 | D:5      | Reached ** piety under Pakellas
  4393 | D:5      | Received a gift from Pakellas
  4622 | D:5      | Found a basalt altar of Yredelemnul.
  4970 | D:5      | You fall through a shaft for 2 floors!
  4986 | D:7      | HP: 9/49 [ice beast (6)]
  4992 | D:7      | HP: 12/49 [ice beast (4)]
  5001 | D:7      | Reached skill level 4 in Short Blades
  5006 | D:7      | HP: 10/49 [worker ant (2)]
  5011 | D:7      | HP: 7/49 [poisoned by a worker ant]
  5013 | D:7      | Reached skill level 4 in Dodging
  5013 | D:7      | Reached XP level 8. HP: 7/54 MP: 8/8
  5147 | D:7      | HP: 3/54 [centaur/arrow of dispersal (16)]
  5151 | D:7      | Slain by a centaur

Vault maps used:
D:1:      dpeg_arrival_leaves_temple_mockup, hangedman_decor_riveting
D:2:      grunt_pakellas_basics
D:3:      old_standard_altar, nicolae_ru_awakened_eye,
          grunt_temple_overflow_open
D:4:      first_bread, corexii_corridor_pit, grunt_ministairs_10
D:5:      basic_altar, minmay_misc_feat_doors, kennysheep_generic_room_2
D:7:      the_bakery, minmay_mini_ossuary

Action                   |  1- 3 |  4- 6 |  7- 9 || total
-------------------------+-------+-------+-------++-------
Melee: Shortbow          |     1 |       |       ||     1
       Short sword       |    12 |    75 |    92 ||   179
 Fire: Shortbow          |    95 |     9 |       ||   104
Throw: Stone             |       |       |     1 ||     1
Evoke: Wand              |       |       |     2 ||     2
  Use: Scroll            |     5 |     3 |     3 ||    11
       Potion            |       |       |     4 ||     4
 Stab: Sleeping          |     2 |     7 |     3 ||    12
  Eat: Chunk             |    19 |    14 |    10 ||    43

Table legend:
 A = Turns spent in this place as a percentage of turns spent in the entire game.
 B = Non-inter-level travel turns spent in this place as a percentage of non-inter-level travel turns spent in the entire game.
 C = Inter-level travel turns spent in this place as a percentage of turns spent in this place.
 D = Turns resting spent in this place as a percentage of non-inter-level travel turns spent in this place.
 E = Turns spent auto-exploring this place as a percentage of non-inter-level travel turns spent in this place.
 F = Non-inter-level travel turns spent in this place divided by the number of levels of this place that you've seen.
                   A       B       C       D       E      F
               +-------+-------+-------+-------+-------+----------------------
         Total | 100.0 | 100.0 |   0.4 |   2.6 |   6.7 | 227.8
       Dungeon | 100.0 | 100.0 |   0.4 |   2.6 |   6.7 | 227.8
               +-------+-------+-------+-------+-------+----------------------

Vault maps used:
D:1:      dpeg_arrival_leaves_temple_mockup, hangedman_decor_riveting
D:2:      grunt_pakellas_basics
D:3:      old_standard_altar, nicolae_ru_awakened_eye,
          grunt_temple_overflow_open
D:4:      first_bread, corexii_corridor_pit, grunt_ministairs_10
D:5:      basic_altar, minmay_misc_feat_doors, kennysheep_generic_room_2
D:7:      the_bakery, minmay_mini_ossuary
